 Dungeon Crawl Stone Soup version 0.22-a0-877-g5c4e1af (console) character file.

1015 removed the Magician (level 7, -9/60 HPs)
             Began as a Demigod Summoner on July 29, 2018.
             Mangled by an orc warrior
             ... wielding a +0 morningstar
              (22 damage)
             ... on level 7 of the Dungeon.
             The game lasted 00:17:39 (8782 turns).

removed the Magician (Demigod Summoner)             Turns: 8782, Time: 00:17:39

Health: -9/60      AC:  4    Str: 11    XL:     7   Next: 70%
Magic:  10/18      EV: 14    Int: 23    God:
Gold:   383        SH:  0    Dex: 16    Spells: 10/16 levels left

rFire    . . .     SeeInvis .   a - +0 spear
rCold    . . .     Gourm    .   (no shield)
rNeg     . . .     Faith    .   e - +0 robe
rPois    +         Spirit   .   z - +2 hat
rElec    .         Reflect  .   (no cloak)
rCorr    .         Harm     .   (no gloves)
MR       .....                  (no boots)
Stlth    +++.......             (no amulet)
HPRegen  0.20/turn              C - ring of poison resistance (curse)
MPRegen  0.16/turn              n - ring of stealth

@: no status effects
A: high mp 1
a: no special abilities


You were on level 7 of the Dungeon.
You were not hungry.

You visited 1 branch of the dungeon, and saw 7 of its levels.

You collected 383 gold pieces.

Inventory:

Hand Weapons
 a - a +0 spear (weapon)
Armour
 e - a +0 robe (worn)
 z - a +2 hat (worn)
Jewellery
 h - an uncursed ring of flight
 n - a ring of stealth (right hand)
 A - an uncursed ring of see invisible
 C - a cursed ring of poison resistance (left hand)
 E - an uncursed ring of ice
 F - a +2 ring of intelligence
Wands
 v - a wand of iceblast (21)
Scrolls
 d - 5 scrolls of remove curse
 f - 3 scrolls of immolation {unknown}
 i - 2 scrolls of blinking {unknown}
 k - 3 scrolls of enchant armour {unknown}
 l - 2 scrolls of identify {unknown}
 o - 4 scrolls of teleportation
 r - a scroll of random uselessness {unknown}
 u - 3 scrolls of fear {unknown}
 y - 2 scrolls of magic mapping {unknown}
Potions
 j - a potion of might {unknown}
 m - a potion of heal wounds
 p - a potion of agility {unknown}
 s - a potion of lignification {unknown}
 t - 2 potions of magic {unknown}
 x - 2 potions of curing {unknown}
 G - a potion of mutation {unknown}
Comestibles
 c - 12 rations


   Skills:
 - Level 4.5 Fighting
 - Level 4.1 Dodging
 - Level 1.7 Stealth
 + Level 5.4 Spellcasting
 - Level 4.0 Summonings


You had 10 spell levels left.
You knew the following spells:

 Your Spells              Type           Power        Failure   Level  Hunger
a - Summon Small Mammal   Summ           ###.         1%          1    None
b - Call Imp              Summ           ###.....     2%          2    None
c - Call Canine Familiar  Summ           ###.....     5%          3    ##.....

Your spell library contained the following spells:

 Spells                   Type           Power        Failure   Level  Hunger
 Summon Ice Beast         Ice/Summ       ###.....     36%         4    ####...
 Summon Lightning Spire   Summ/Air       ###.....     36%         4    ####...
 Summon Guardian Golem    Hex/Summ       ###.....     12%         3    ##.....


Dungeon Overview and Level Annotations

Branches:
Dungeon (7/15)             Temple (0/1) D:6

Annotations:
D:4 1 runed door, exclusion: ogre, Kuinu's ghost, amateur DrFE
D:5 Sigmund


Innate Abilities, Weirdness & Mutations

You have an increased reservoir of magic. (+10% MP)


Message History

Your rat bites the orc warrior but does no damage.
The orc barely misses your crimson imp.
The orc hits your quokka but does no damage.
Your crimson imp hits the orc.
The orc dies!
The orc warrior barely misses you.
You barely miss the orc.
Your quokka bites the orc warrior but does no damage.
The orc warrior hits you with a morningstar!
* * * LOW HITPOINT WARNING * * *
Your rat barely misses the orc warrior.
Your crimson imp barely misses the orc.
The orc barely misses your quokka.
The orc hits your crimson imp with a hand axe.
Your crimson imp dies!
The orc warrior barely misses you. The orc completely misses you.
The orc hits your quokka with a hand axe of chopping.
Your quokka barely misses the orc.
You hit the orc but do no damage.
The orc warrior hits you with a morningstar!!
You die...

##### .# ....#########
..## ###.......[.###
....# #########...# ....#
##...####5####.#.# ####
##.....###......(.###...
###.......###..#........#
#....._...#....@o.##....
#.#...(...#....oo.# #.#
#.##.....##...rroo##..##
#.###...######.......oo#
#...##### ##..#####o.#
#.<## #....# # #.##
#.##.. #.# #.. ##. #.#
#.. .


You could see 2 orc warriors, 3 orcs, a friendly crimson imp, a friendly quokka
and a friendly rat.

Vanquished Creatures
  An ogre (D:7)
  A bullfrog (D:7)
  A howler monkey (D:6)
  A bullfrog zombie (D:7)
  A hound (D:4)
  A centaur skeleton (D:6)
  2 orc wizards
  3 worker ants (D:4)
  A hound skeleton (D:5)
  4 adders
  An adder skeleton (D:5)
  A worm (D:4)
  5 leopard geckos
  6 orcs
  2 ball pythons
  4 bats (D:3)
  6 giant cockroaches
  2 goblins
  A hobgoblin (D:3)
  4 kobolds
  2 quokkas
  6 frilled lizards
  A quokka skeleton (D:5)
  5 rats
62 creatures vanquished.

Vanquished Creatures (collateral kills)
  A black bear (D:3)
  A phantom (D:4)
  An ogre (D:6)
  A centaur (D:7)
  A scorpion (D:4)
  A howler monkey (D:6)
  3 crimson imps
  A bullfrog zombie (D:5)
  3 orc priests
  2 hounds
  2 orc wizards (D:7)
  2 iguanas
  2 worker ants
  A gnoll (D:1)
  5 adders
  A shadow imp (D:4)
  A worm (D:3)
  A leopard gecko (D:7)
  14 orcs
  2 hobgoblins
  2 quokkas (D:4)
  A bat (D:3)
  2 frilled lizards
  A goblin (D:3)
  3 kobolds
  A leopard gecko skeleton (D:4)
56 creatures vanquished.

Grand Total: 118 creatures vanquished

Notes
Turn   | Place    | Note
-------+----------+-------------------------------------------
     0 | D:1      | removed the Demigod Summoner began the quest for the Orb.
     0 | D:1      | Reached XP level 1. HP: 14/14 MP: 5/5
   798 | D:1      | Reached skill level 2 in Spellcasting
   798 | D:1      | Reached XP level 2. HP: 20/20 MP: 1/7
   882 | D:1      | Learned a level 2 spell: Call Imp
   988 | D:2      | Found a white marble altar of Elyvilon.
  1181 | D:2      | Found a glowing silver altar of Zin.
  1275 | D:2      | Reached XP level 3. HP: 26/26 MP: 5/9
  1320 | D:2      | Found a stormy altar of Qazlal.
  1568 | D:3      | Found a blossoming altar of Fedhas.
  1568 | D:3      | Noticed a black bear
  1624 | D:3      | Reached skill level 3 in Spellcasting
  1990 | D:3      | Reached skill level 1 in Fighting
  2614 | D:3      | Reached XP level 4. HP: 35/36 MP: 9/11
  3101 | D:3      | Killed a black bear
  3101 | D:3      | Reached XP level 5. HP: 9/41 MP: 5/12
  3552 | D:4      | Noticed a phantom
  3647 | D:4      | Killed a phantom
  3953 | D:4      | Found an ancient bone altar of Kikubaaqudgha.
  4151 | D:4      | Found a sparkling altar of Nemelex Xobeh.
  4187 | D:4      | Noticed an ogre
  4343 | D:4      | Reached skill level 4 in Spellcasting
  4577 | D:4      | Found a bloodstained altar of Trog.
  4583 | D:4      | Found a runed door.
  4755 | D:4      | Noticed Kuinu's ghost (amateur DrFE)
  4801 | D:4      | Reached XP level 6. HP: 28/50 MP: 10/15
  5876 | D:4      | Learned a level 3 spell: Call Canine Familiar
  5906 | D:5      | Entered Level 5 of the Dungeon
  6765 | D:5      | Found a bloodstained altar of Trog.
  6803 | D:5      | Noticed Sigmund
  7014 | D:6      | Found a deep blue altar of Sif Muna.
  7109 | D:6      | Reached XP level 7. HP: 35/57 MP: 10/17
  7241 | D:6      | Found a shimmering altar of Xom.
  7395 | D:6      | Found a glowing golden altar of the Shining One.
  7432 | D:6      | Reached skill level 5 in Spellcasting
  7637 | D:6      | Found a staircase to the Ecumenical Temple.
  8042 | D:7      | HP: 2/59 [centaur/arrow (5)]
  8490 | D:7      | Found a stormy altar of Qazlal.
  8782 | D:7      | Mangled by an orc warrior

Vault maps used:
D:1:      sevenhm_arrival_forest_fort_small_5
D:2:      overflow_temple_1_default, elyvilon_altar_1, grunt_qazlal_sundering
D:3:      fedhas_altar_1
D:4:      minmay_diamond_boxcup, kiku_gazebo_pond_becter, bloody_trog,
          nemelex_altar_shiori, first_ration, hellmonk_ghost_happy_afterlife
D:5:      trog_butcher_becter, uniq_sigmund
D:6:      nicolae_overflow_crystal_walls, overflow_temple_1_default,
          lemuel_round_altar, minmay_temple_entry_large_hall,
          minmay_misc_feat_enclosed
D:7:      lemuel_round_altar, serial_shops, shop_coins, grunt_ogre_cave

Skill      XL: |  1  2  3  4  5  6  7 |
---------------+----------------------+-----
Summonings     | 4 |  4.0
Spellcasting   | 2 3 4 5 |  5.4
Fighting       | 1 2 3 4 |  4.5
Dodging        | 3 4 |  4.1
Stealth        | |  1.7

Action                   |  1- 3 |  4- 6 |  7- 9 || total
-------------------------+-------+-------+-------++-------
Melee: Spear             |   124 |   249 |    85 ||   458
 Cast: Summon Small Mamm |    43 |    75 |    24 ||   142
       Call Imp          |       |    19 |    16 ||    35
       Call Canine Famil |       |     2 |     7 ||     9
  Use: Scroll            |       |     1 |     1 ||     2
       Potion            |       |     2 |       ||     2
 Stab: Sleeping          |     9 |    12 |     2 ||    23
       Distracted        |       |     3 |     1 ||     4
  Eat: Chunk             |     5 |    11 |     4 ||    20
       Ration            |       |     1 |     1 ||     2
Armor: Robe              |    20 |    34 |    11 ||    65
Dodge: Dodged            |    62 |   167 |    72 ||   301

Table legend:
 A = Spawn XP
 B = Non-spawn XP
 C = Spawn XP percentage of total XP
 D = Spawn monster count
 E = Non-spawn monster count
 F = Spawn count percentage of total count
 G = Total turns spent on level
                    A         B        C        D         E        F      G
               +---------+---------+-------+---------+---------+-------+---------
         Total |       0 |    1450 |   0.0 |       0 |     118 |   0.0 |  8782
               +---------+---------+-------+---------+---------+-------+---------
           D:1 |       0 |      19 |   0.0 |       0 |      10 |   0.0 |   889
           D:2 |       0 |      40 |   0.0 |       0 |      12 |   0.0 |   982
           D:3 |       0 |     181 |   0.0 |       0 |      30 |   0.0 |  1552
           D:4 |       0 |     359 |   0.0 |       0 |      20 |   0.0 |  2483
           D:5 |       0 |     198 |   0.0 |       0 |      17 |   0.0 |  1108
           D:6 |       0 |     301 |   0.0 |       0 |      14 |   0.0 |  1076
           D:7 |       0 |     352 |   0.0 |       0 |      15 |   0.0 |   692
               +---------+---------+-------+---------+---------+-------+---------
